 Dungeon Crawl Stone Soup version 0.30-a0-55-g90e3122c3a (webtiles) character file.

Game seed: 11616018638465349641

3660 Decritt the Fighter (level 10, -2/68 HPs)
             Began as a Gargoyle Fighter on Sept 10, 2022.
             Was an Initiate of Ru.
             Slain by a komodo dragon (14 damage)
             ... on level 1 of the Lair of Beasts.
             The game lasted 00:16:43 (9375 turns).

Decritt the Fighter (Gargoyle Fighter)              Turns: 9375, Time: 00:16:44

Health: -2/68      AC: 21    Str: 25    XL:     10   Next: 12%
Magic:  10/10      EV:  7    Int:  8    God:    Ru [......]
Gold:   393        SH: 11    Dex: 18    Spells: 9/9 levels left

rFire   + . .      SeeInvis +    z - +2 trident of the Shrinking Priest {drain, rElec rF+}
rCold   + . .      Faith    .    f - +0 kite shield
rNeg    + . .      Spirit   .    J - +0 chain mail
rPois   ∞          Reflect  .    m - +2 hat
rElec   +          Harm     .    (no cloak)
rCorr   .          Rampage  .    M - +0 pair of gloves
Will    .....                    (no boots)
Stlth   ..........               (no amulet)
HPRegen 0.21/turn                A - ring "Vionos" {rElec rC+ Dex+5 SInv}
MPRegen 0.12/turn                C - +6 ring of dexterity

@: no status effects
A: sickness immunity, AC +7, clumsy 1, negative energy resistance 1, electricity
resistance, torment resistance 1, petrification resistance
a: Renounce Religion


You were on level 1 of the Lair of Beasts.
You worshipped Ru.
Ru was noncommittal.
You visited 2 branches of the dungeon, and saw 10 of its levels.

You collected 451 gold pieces.
You spent 58 gold pieces at shops.

Inventory:

Hand Weapons
 a - a +0 flail
 h - a +1 dagger of venom
 z - the +2 trident of the Shrinking Priest (weapon) {drain, rElec rF+}
   (You took it off a goblin on level 3 of the Dungeon)

   A truly terrible weapon, it drains the life of any living foe it strikes.
   rF:        It protects you from fire.
   rElec:     It insulates you from electricity.
Missiles
 H - a throwing net (quivered)
Armour
 b - a +0 scale mail
 c - a +0 buckler
 f - a +0 kite shield (worn)
 m - a +2 hat (worn)
 J - a +0 chain mail (worn)
 M - a +0 pair of gloves (worn)
Jewellery
 g - a ring of ice
 A - the ring "Vionos" (left hand) {rElec rC+ Dex+5 SInv}
   (You found it on level 3 of the Dungeon)

   [ring of protection from cold]

   Dex:       It affects your dexterity (+5).
   rC:        It protects you from cold.
   rElec:     It insulates you from electricity.
   SInv:      It lets you see invisible.
 C - a +6 ring of dexterity (right hand)
Wands
 t - a wand of roots (13)
 G - a wand of charming (6)
 I - a wand of flame (23)
Scrolls
 o - 2 scrolls of teleportation {unknown}
 s - 3 scrolls of immolation {unknown}
 w - 3 scrolls of enchant armour {unknown}
 x - a scroll of blinking {unknown}
 y - 3 scrolls of fear {unknown}
 B - a scroll of summoning {unknown}
 D - a scroll of torment {unknown}
 E - a scroll of magic mapping {unknown}
 F - a scroll of noise {unknown}
 L - a scroll of amnesia {unknown}
Potions
 d - 7 potions of might
 e - 2 potions of haste
 i - 4 potions of berserk rage {unknown}
 j - 2 potions of brilliance
 k - a potion of attraction
 l - a potion of invisibility {unknown}
 n - a potion of resistance
 p - a potion of lignification {unknown}
 q - a potion of heal wounds
 r - a potion of mutation {unknown}
 u - 2 potions of degeneration {unknown}
 v - 4 potions of curing
 K - a potion of flight {unknown}


   Skills:
 - Level 10.5 Fighting
 - Level 4.4 Maces & Flails
 * Level 8.9 Armour
 + Level 8.1 Shields


You had 9 spell levels left.
You didn't know any spells.
Your spell library was empty.

Dungeon Overview and Level Annotations

Branches:
Dungeon (9/15)             Temple (0/1) D:7            Lair (1/5) D:8
    Orc: D:9-12

Altars:
Ashenzari
Fedhas
Gozag
Nemelex Xobeh
Okawaru
Ru
Uskayaw
Wu Jian
Xom
The Shining One

Shops:
D:5 =   D:8 [


Innate Abilities, Weirdness & Mutations

You are immune to sickness and miasma.
Your stone body is resilient. (AC +7)
You are immune to poison.
You are clumsy. (Dex -2)
You resist negative energy. (rN+)
You are resistant to electric shocks. (rElec)
You are resistant to unholy torment.
You are immune to petrification.


Message History

The komodo dragon bites you!
* * * LOW HITPOINT WARNING * * *
The komodo dragon barely misses you.
You hit the komodo dragon but do no damage.
You drain the komodo dragon.
The komodo dragon is heavily wounded.
The komodo dragon bites you!!
* * * LOW HITPOINT WARNING * * *
You are too injured to fight recklessly!
Unknown command.
You feel better. The komodo dragon bites you!
* * * LOW HITPOINT WARNING * * *
You puncture the komodo dragon! You drain the komodo dragon.
The komodo dragon is severely wounded.
The komodo dragon closely misses you. The komodo dragon barely misses you.
You barely miss the komodo dragon.
The komodo dragon is severely wounded.
The komodo dragon bites you!
* * * LOW HITPOINT WARNING * * *
You feel much better. The komodo dragon bites you.
* * * LOW HITPOINT WARNING * * *
You completely miss the komodo dragon.
The komodo dragon is severely wounded.
The komodo dragon bites you.
* * * LOW HITPOINT WARNING * * *
The komodo dragon bites you but does no damage.
You barely miss the komodo dragon.
The komodo dragon is severely wounded.
The komodo dragon bites you but does no damage.
A komodo dragon comes into view.
You barely miss the komodo dragon.
The komodo dragon is severely wounded.
The komodo dragon hisses angrily.
The komodo dragon completely misses you.
The komodo dragon bites you!
* * * LOW HITPOINT WARNING * * *
You block the komodo dragon's attack.
The komodo dragon attacks as you move away!
The komodo dragon bites you!
You die...

#..# ...# #..#
...#.# #..#l#
## ##..#.###
###P##...#.#.#
.......<.#..#
).....†.@#..#
.........l†.#
...+#.#.....#
..#....."..##
. #......#.#
#...#..###
#......#
####P... .....


You could see a komodo dragon (drained).

Vanquished Creatures
  A komodo dragon (Lair:1)
  A wyvern (D:7)
  A wraith (D:9)
  A steam dragon (D:7)
  Menkaure (D:7)
  A water moccasin (D:7)
  3 black bears
  4 ice beasts
  An ogre (D:7)
  2 centaurs
  A phantom (D:5)
  5 bullfrogs
  2 kobold brigands (D:7)
  3 scorpions
  6 wights
  3 killer bees (D:8)
  2 howler monkeys
  3 jellies
  2 hounds
  A gnoll bouda (D:7)
  Ijyb (D:2)
  4 iguanas
  2 orc wizards
  Natasha (twice) (D:4)
  5 adders
  12 gnolls
  4 white imps
  An ufetubus (D:5)
  2 worms
  2 dart slugs (D:1)
  16 orcs
  2 bats (D:3)
  An endoplasm (D:3)
  2 giant cockroaches (D:2)
  13 goblins
  6 hobgoblins
  3 jackals (D:2)
  12 kobolds
  6 quokkas
  6 ball pythons
  9 frilled lizards (D:2)
  7 rats
162 creatures vanquished.

Vanquished Creatures (others)
  17 plants
17 creatures vanquished.

Grand Total: 179 creatures vanquished

Notes
Turn   | Place    | Note
-------+----------+-------------------------------------------
     0 | D:1      | Decritt the Gargoyle Fighter began the quest for the Orb.
     0 | D:1      | Reached XP level 1. HP: 14/14 MP: 1/1
   178 | D:1      | Reached XP level 2. HP: 15/19 MP: 2/2
   604 | D:1      | Found a faded altar of an unknown god.
  1275 | D:2      | Reached XP level 3. HP: 24/24 MP: 3/3
  1344 | D:2      | Reached skill level 4 in Fighting
  1538 | D:2      | Reached XP level 4. HP: 28/29 MP: 4/4
  1802 | D:2      | Noticed Ijyb
  1816 | D:2      | Killed Ijyb
  2121 | D:2      | Reached XP level 5. HP: 15/34 MP: 5/5
  2840 | D:3      | Identified the +2 trident of the Shrinking Priest {drain,
                  | rElec rF+}
  3102 | D:3      | Identified the ring "Vionos" {rElec rC+ Dex+5 SInv}
  3537 | D:4      | Reached skill level 5 in Fighting
  3537 | D:4      | Reached XP level 6. HP: 40/40 MP: 6/6
  3697 | D:4      | Noticed Natasha
  3702 | D:4      | Killed Natasha
  3932 | D:4      | Noticed Natasha
  3942 | D:4      | Killed Natasha
  4070 | D:5      | Entered Level 5 of the Dungeon
  4192 | D:5      | Found Zifih's Jewellery Shoppe.
  4337 | D:5      | Reached skill level 6 in Fighting
  4337 | D:5      | Reached XP level 7. HP: 21/46 MP: 7/7
  5022 | D:6      | Found an iron altar of Okawaru.
  5028 | D:6      | Found a blossoming altar of Fedhas.
  5028 | D:6      | Found a broken altar of Ashenzari.
  5028 | D:6      | Found a shimmering altar of Xom.
  5030 | D:6      | Found a hide-covered altar of Uskayaw.
  5032 | D:6      | Found a sparkling altar of Nemelex Xobeh.
  5033 | D:6      | Found an opulent altar of Gozag.
  5404 | D:5      | Reached skill level 7 in Fighting
  5404 | D:5      | Reached skill level 5 in Armour
  5589 | D:5      | Reached skill level 5 in Shields
  5590 | D:5      | Reached XP level 8. HP: 12/53 MP: 8/8
  6086 | D:6      | Found a glowing golden altar of the Shining One.
  6128 | D:6      | Found a sacrificial altar of Ru.
  6164 | D:6      | Reached skill level 8 in Fighting
  6217 | D:6      | Found an ornate altar of the Wu Jian Council.
  6220 | D:6      | Became a worshipper of Ru the Awakened
  6827 | D:7      | Reached skill level 9 in Fighting
  6827 | D:7      | Reached XP level 9. HP: 59/60 MP: 9/9
  7055 | D:7      | Noticed Menkaure
  7060 | D:7      | Killed Menkaure
  7183 | D:7      | Identified the +1 ring mail of Odous {Contam *Corrode
                  | Regen+ Str+10}
  7405 | D:7      | Found a staircase to the Ecumenical Temple.
  7616 | D:7      | Reached skill level 10 in Fighting
  8094 | D:8      | Identified the +3 leather armour "Ihooclot" {Rampage rC+
                  | rCorr}
  8151 | D:8      | Gained mutation: You are clumsy. (Dex -2) [Ru sacrifice]
  8246 | D:8      | Found Uhiklioh's Armour Shop.
  8249 | D:8      | Bought a +0 pair of gloves for 58 gold pieces
  8420 | D:8      | Found a staircase to the Lair.
  8796 | D:8      | Identified the +3 scale mail "Iruraruk" {Int+5}
  9324 | Lair:1   | Entered Level 1 of the Lair of Beasts
  9329 | Lair:1   | Noticed a komodo dragon
  9345 | Lair:1   | Killed a komodo dragon
  9346 | Lair:1   | Reached XP level 10. HP: 65/68 MP: 10/10
  9368 | Lair:1   | HP: 2/68 [komodo dragon (16)]
  9375 | Lair:1   | Slain by a komodo dragon

Illustrated notes

Levels and vault maps discovered:
D:1:      roderic_lyre, layout_basic, dreamdust_ecumenical_altar_statues
D:2:      kennysheep_the_goblin_king, layout_basic, grunt_ministairs_1,
          minmay_lizard_king
D:3:      layout_loops_ring
D:4:      layout_loops_ring, uniq_natasha
D:5:      layout_loops_ring, serial_shops, nicolae_shop_trees,
          hangedman_decor_riveting
D:6:      layout_cave_pools, minitemple, gammafunk_temple_overflow_forgotten,
          kennysheep_decorative_pillar
D:7:      minmay_angry_zag, layout_loops_ring, minmay_temple_entry_mist,
          dreamdust_princess_bridge, uniq_menkaure
D:8:      layout_cave_pods, dpeg_oklobed_lair, serial_shops,
          kennysheep_mini_moat
D:9:      layout_basic, grunt_decor_resistance
Lair:1:   wad_woods_settlement, layout_chaotic_city, beast_lair_carwin_8

Skill      XL: |  1  2  3  4  5  6  7  8  9 |
---------------+----------------------------+-----
Maces & Flails | 3 4 |  4.4
Fighting       | 4 5 6 7 9 10 | 10.5
Armour         | 4 5 6 8 |  8.9
Shields        | 4 5 6 8 |  8.1

Action                   |  1- 3 |  4- 6 |  7- 9 | 10-12 || total
-------------------------+-------+-------+-------+-------++-------
Melee: Flail             |    18 |       |       |       ||    18
       Dagger            |    95 |   115 |       |       ||   210
       Trident           |       |    63 |   319 |    22 ||   404
Invok: Sacrifice Purity  |       |       |     1 |       ||     1
  Use: Scroll            |       |     5 |       |       ||     5
       Potion            |       |       |     2 |     2 ||     4
Armor: Scale mail        |    41 |    70 |   123 |       ||   234
       Chain mail        |       |       |    75 |    30 ||   105
Dodge: Dodged            |    36 |    52 |   128 |    14 ||   230
Block: Buckler           |     3 |       |       |       ||     3
       Kite shield       |    28 |    76 |   239 |    26 ||   369

Table legend: (Time is in decaauts)
 A = Elapsed time spent in this place.
 B = Non-inter-level travel time spent in this place.
 C = Inter-level travel time spent in this place.
 D = Time resting spent in this place.
 E = Time spent auto-exploring this place.
 F = Levels seen in this place.
 G = Mean time per level.
                   A        B        C        D        E       F      G
               +--------+--------+--------+--------+--------+-----+--------+
         Total |   9631 |   9242 |    389 |   2007 |   5800 |  10 |  963.1 |
       Dungeon |   9563 |   9175 |    388 |   2007 |   5800 |   9 | 1062.6 |
          Lair |     67 |     67 |      0 |      0 |      0 |   1 |   67.0 |
               +--------+--------+--------+--------+--------+-----+--------+

Top non-repeatable levels by time:
     D:5: 1706 daAuts
     D:7: 1566 daAuts
     D:1: 1236 daAuts
     D:2: 1184 daAuts
     D:8: 1101 daAuts
     D:3: 921 daAuts
     D:4: 794 daAuts
     D:6: 637 daAuts
     D:9: 415 daAuts
  Lair:1: 67 daAuts
